 Dungeon Crawl Stone Soup version 0.20.1-1-g8b1a95d (webtiles) character file.

2730 DeXoteric the Grappler (level 9, -4/105 HPs)
             Began as a Centaur Chaos Knight on Oct 24, 2017.
             Slain by a hornet (7 damage)
             ... on level 6 of the Dungeon on Oct 25, 2017.
             The game lasted 00:38:57 (9791 turns).

DeXoteric the Grappler (Centaur Chaos Knight)       Turns: 9791, Time: 00:38:58

Health: -4/105     AC:  9    Str: 23      XL:     9   Next: 40%
Magic:  11/11      EV:  4    Int:  9      God:    Xom [.*....]
Gold:   418        SH: 10    Dex:  6 (7)  Spells: 8/8 levels left

rFire    . . .     SeeInvis .     - Unarmed
rCold    + . .     Gourm    .   p - +1 shield
rNeg     + . .     Faith    .   o - +2 chain mail {rN+}
rPois    .         Spirit   .   (no helmet)
rElec    .         Reflect  .   (no cloak)
rCorr    .         Harm     .   (no gloves)
MR       .....     Rnd*Rage +   (no barding)
Stlth    ..........             (no amulet)
Regen    0.3/turn               (no ring)
MPRegen  0.2/turn               (no ring)

@: berserking, lethally poisoned (-4 -> -5), slowed, very quick
A: hooves 3, berserk 1, blurry vision 1, clumsy 1, cold resistance 1, deformed
body, dopey 1, speed 2, frail 1, tough skin 3
a: Renounce Religion


You were on level 6 of the Dungeon.
You worshipped Xom.
You were a plaything of Xom.
You were not hungry.

You visited 1 branch of the dungeon, and saw 7 of its levels.
You also visited: Sewer and Ossuary.

You collected 418 gold pieces.

Inventory:

Armour
 o - a +2 chain mail of positive energy (worn)
   (You found it on level 2 of the Dungeon)
 p - a +1 shield (worn)
   (You found it on level 2 of the Dungeon)
Jewellery
 h - an uncursed ring of protection from cold {unknown}
   (You found it on level 6 of the Dungeon)
 l - an uncursed ring of flight
   (You found it on level 2 of the Dungeon)
 y - a cursed -2 ring of strength {unknown}
   (You found it on level 6 of the Dungeon)
Wands
 f - a wand of lightning (6/15)
   (You found it in an ossuary)
 v - a wand of digging (11/24)
   (You found it on level 6 of the Dungeon)
 x - a wand of acid (6/15)
   (You found it on level 3 of the Dungeon)
Scrolls
 a - a scroll of identify {@r1}
 c - 2 scrolls of enchant armour
 e - 3 scrolls of teleportation {@r4}
 n - a scroll of vulnerability {unknown}
 D - 2 scrolls of enchant weapon
Potions
 d - 4 potions of agility
 g - a potion of magic
 i - 4 potions of brilliance
 j - 2 potions of mutation {!q}
 m - 3 potions of invisibility
 s - a potion of ambrosia
 t - 2 potions of curing {@q1}
 u - 5 potions of flight
 z - a potion of haste {@q3}
Miscellaneous
 A - a phial of floods
   (Xom gifted it to you on level 4 of the Dungeon)
Comestibles
 b - 2 royal jellies
 q - 4 bread rations
 r - 3 fruits
 C - a meat ration


   Skills:
 + Level 6.8 Fighting
 - Level 1.3 Armour
 - Level 0.6 Dodging
 + Level 4.4 Shields
 * Level 9.4 Unarmed Combat
 + Level 3.1 Evocations


You had 8 spell levels left.
You didn't know any spells.

Dungeon Overview and Level Annotations

Branches:
Dungeon (7/15)
 Temple: D:4-7

Altars:
Hepliaklqana
Xom

Shops:
D:4 (   D:6 (

Annotations:
D:7 Menkaure


Innate Abilities, Weirdness & Mutations

You have hooves in place of feet.
Armour fits poorly on your strangely shaped body.
You cover ground very quickly.
You have extremely tough skin. (AC +3)
You tend to lose your temper in combat.
Scrolls take you a little longer to read.
You are clumsy. (Dex -2)
Your flesh is cold resistant. (rC+)
You are dopey. (Int -2)
You are frail. (-10% HP)


Message History

You feel as though you will be slow longer.
You block the hornet's attack.
You hit the hornet but do no damage.
You feel sick. The hornet stings you!
* * * LOW HITPOINT WARNING * * *
You feel as though you will be slow longer.
You barely miss the hornet.
You feel sick. You block the hornet's attack. The hornet stings you.
* * * LOW HITPOINT WARNING * * *
You are more poisoned.
You feel as though you will be slow longer.
You closely miss the hornet. Your kick misses the hornet.
You feel very sick. The hornet stings you!
* * * LOW HITPOINT WARNING * * *
You are more poisoned.
You feel as though you will be slow longer.
You block the hornet's attack.
You feel better. The hornet stings you!
* * * LOW HITPOINT WARNING * * *
You are poisoned.
You feel as though you will be slow longer.
The hornet completely misses you. The hornet stings you.
* * * LOW HITPOINT WARNING * * *
You feel as though you will be slow longer.
Here: a hornet (moderately wounded)
The floor.
Okay, then.
Okay, then.
You feel much better.
You feel sick. You block the hornet's attack. The hornet stings you!
* * * LOW HITPOINT WARNING * * *
You feel as though you will be slow longer.
Really read with blurry vision while enemies are nearby?
Okay, then.
A red film seems to cover your vision as you go berserk!
You feel yourself moving faster!
You feel mighty!
Xom is mildly amused.
You feel sick. The hornet stings you!
* * * LOW HITPOINT WARNING * * *
You feel as though you will be slow longer.
You block the hornet's attack.
You hit the hornet. Your kick misses the hornet.
You feel sick. The hornet stings you!
* * * LOW HITPOINT WARNING * * *
You feel as though you will be slow longer.
You punch the hornet! The hornet stings you!
* * * LOW HITPOINT WARNING * * *
You feel as though you will be slow longer.
The hornet stings you!
You die...

#.########.# #.# #.# #.# #.#
########## #.# #.# #........# #.#
#.# #.######.#
#.########.#######.## #.#
#.##.....(..........# #.#
#.##.#####..y##...(## #.#
#####.##.#######@##.##.# #.#
.....................#.######.###
.........#######.##..#...........
#######..# #.##..########.### ##
#..##### #.##..# #.# .#
#..#...###.##..########.# ##
#......#.............##.# #
##.#...#.#####.#####.##.#
#.##.##.# #.# #.##.#


You could see a hornet.

Vanquished Creatures
  Pikel (D:4)
  The ghost of Erymatos the Chopper, a novice MiBe of Trog (D:5)
  A water moccasin (D:7)
  An ice beast (D:6)
  A slave (D:4)
  3 ogres
  3 water moccasin zombies (Ossuary)
  A bullfrog (D:7)
  A scorpion (D:4)
  A howler monkey (D:4)
  3 crimson imps (D:6)
  A quasit (D:7)
  A jelly (D:6)
  4 orc priests
  4 hounds
  Jessica (D:2)
  4 orc wizards
  Natasha (thrice) (D:2)
  A merfolk siren (Sewer)
  2 worker ants (D:4)
  A merfolk avatar (Sewer)
  2 big kobold zombies (Ossuary)
  3 mummies
  11 adders
  7 river rats
  2 shadow imps (D:5)
  An ooze (D:2)
  4 adder zombies (Ossuary)
  An adder skeleton (D:7)
  3 worms
  3 dart slugs
  8 leopard geckos
  19 orcs
  6 ball pythons
  10 giant cockroaches
  11 goblins
  8 hobgoblins
  9 jackals
  4 kobolds
  6 quokkas
  12 bats
  10 frilled lizards
  2 gnoll zombies (Ossuary)
  4 hobgoblin zombies (Ossuary)
  6 kobold zombies
  A leopard gecko skeleton (D:4)
  9 orc zombies
  25 rats
226 creatures vanquished.

Vanquished Creatures (others)
  Grinder (D:3)
  An ooze (D:7)
2 creatures vanquished.

Grand Total: 228 creatures vanquished

Notes
Turn   | Place    | Note
-------+----------+-------------------------------------------
     0 | D:1      | DeXoteric the Centaur Chaos Knight began the quest for the Orb.
     0 | D:1      | Reached XP level 1. HP: 19/19 MP: 1/1
    34 | D:1      | XOM: silly message
   400 | D:1      | XOM: summons 4 hostile shadow creatures
   468 | D:1      | XOM: noise
   559 | D:1      | Reached XP level 2. HP: 20/26 MP: 2/2
   951 | D:1      | Reached XP level 3. HP: 30/31 MP: 3/3
  1048 | D:1      | Reached skill level 4 in Unarmed Combat
  1367 | D:2      | XOM is BORED!
  1367 | D:2      | XOM: mild Tmut miscast
  1489 | D:2      | Found a hazy altar of Hepliaklqana.
  1604 | D:2      | Noticed Jessica
  1613 | D:2      | Killed Jessica
  1613 | D:2      | Reached skill level 1 in Shields
  1613 | D:2      | Reached XP level 4. HP: 38/38 MP: 4/4
  1614 | D:2      | XOM: mild Tmut miscast
  2178 | D:3      | Noticed Natasha
  2179 | D:3      | XOM: harmless Air miscast
  2192 | D:2      | Killed Natasha
  2403 | D:2      | Found a hazy altar of Hepliaklqana.
  2623 | D:2      | XOM: give mutations
  2623 | D:2      | Gained mutation: You are occasionally teleported next to monsters. [Xom's mischief]
  2623 | D:2      | Lost mutation: You are occasionally teleported next to monsters. [Xom's mischief]
  2666 | D:2      | Noticed Natasha
  2666 | D:2      | XOM: 4-stop teleportation journey
  2843 | D:2      | XOM: divination: detect creatures
  2849 | D:2      | Killed Natasha
  2849 | D:2      | Reached XP level 5. HP: 36/46 MP: 5/5
  3148 | D:2      | XOM: 2-stop teleportation journey
  3155 | D:2      | Found a hazy altar of Hepliaklqana.
  3164 | D:2      | Noticed Natasha
  3171 | D:2      | Killed Natasha
  3171 | D:2      | Reached skill level 5 in Unarmed Combat
  3286 | D:3      | Noticed Grinder
  3314 | D:2      | XOM: cloud trail
  3617 | D:3      | XOM: harmless Conj miscast
  3678 | D:3      | Killed Grinder
  3678 | D:3      | Reached XP level 6. HP: 50/52 MP: 6/6
  3678 | D:3      | XOM: divine lightning
  4175 | D:3      | XOM: give mutations
  4175 | D:3      | Gained mutation: Your flesh is cold resistant. (rC+) [Xom's grace]
  4175 | D:3      | Gained mutation: You have a pair of small antennae on your head. [Xom's grace]
  4175 | D:3      | Gained mutation: You have sharp fingernails. [Xom's grace]
  4337 | D:4      | XOM: stealth player
  4349 | D:4      | XOM: god gift: curved glowing staff {god gift}
  4382 | D:4      | XOM: polymorph orc -> leopard gecko
  4656 | D:4      | Found a glowing drain.
  4661 | Sewer    | Entered a sewer
  4763 | Sewer    | XOM: butterfly on damage
  4764 | Sewer    | Reached skill level 6 in Unarmed Combat
  4903 | Sewer    | XOM: 1-stop teleportation journey
  4937 | Sewer    | Reached XP level 7. HP: 33/60 MP: 7/7
  5220 | Sewer    | XOM: 1-stop teleportation journey
  5326 | D:4      | XOM: god gift: phial of floods
  5403 | D:4      | XOM: harmless Tloc miscast
  5426 | D:4      | XOM: silly message
  5539 | D:4      | Found Simuavec's Weapon Shoppe.
  5620 | D:4      | Reached skill level 5 in Fighting
  5632 | D:4      | Noticed Pikel
  5635 | D:4      | XOM: summons friendly shadow imp
  5768 | D:3      | XOM: silly message
  5940 | D:4      | Found a shimmering altar of Xom.
  5941 | D:4      | Found a shimmering altar of Xom.
  5942 | D:4      | Found a shimmering altar of Xom.
  6046 | D:4      | XOM is BORED!
  6046 | D:4      | XOM: noise
  6249 | D:4      | XOM: divination: detect creatures
  6251 | D:4      | XOM: enchant monster (good)
  6253 | D:4      | XOM: confuse monster(s)
  6256 | D:4      | Killed Pikel
  6256 | D:4      | Reached skill level 7 in Unarmed Combat
  6256 | D:4      | Reached XP level 8. HP: 43/69 MP: 8/8
  6469 | D:5      | Entered Level 5 of the Dungeon
  6469 | D:5      | XOM: enchant monster (good)
  6475 | D:5      | XOM: harmless Pois miscast
  6657 | D:5      | XOM: harmless Tmut miscast
  6714 | D:5      | Noticed Erymatos's ghost (novice MiBe)
  6719 | D:5      | XOM: mild Air miscast
  6739 | D:5      | XOM: summons friendly shadow imp
  6742 | D:5      | XOM: stat loss: -1 Str (17/18)
  6775 | D:5      | XOM: enchant monster (bad)
  6776 | D:5      | XOM: noise
  6782 | D:5      | XOM: confusion
  6784 | D:5      | XOM: mild Conj miscast
  6787 | D:5      | XOM: repel stairs
  6791 | D:5      | XOM: confuse monster(s)
  6811 | D:5      | XOM: confusion (+ monsters)
  6820 | D:5      | Killed Erymatos's ghost
  6820 | D:5      | Reached skill level 8 in Unarmed Combat
  6820 | D:5      | Reached skill level 1 in Evocations
  6892 | D:5      | XOM: polymorph crimson imp -> shadow imp
  7041 | D:5      | XOM: harmless Fire miscast
  7437 | D:5      | XOM: 1-stop teleportation journey
  7505 | D:5      | XOM: harmless Conj miscast
  8026 | D:6      | Found a sand-covered staircase.
  8033 | Ossuary  | Entered an ossuary
  8129 | Ossuary  | Reached XP level 9. HP: 75/77 MP: 10/10
  8379 | D:6      | Reached skill level 9 in Unarmed Combat
  8607 | D:6      | Found Yliedweu's Antique Weapon Shop.
  8611 | D:6      | XOM: give mutations
  8611 | D:6      | Gained mutation: You are clumsy. (Dex -2) [Xom's mischief]
  8611 | D:6      | Lost mutation: You are clumsy. (Dex -2) [Xom's mischief]
  8611 | D:6      | Gained mutation: You tend to lose your temper in combat. [Xom's mischief]
  8627 | D:6      | XOM: harmless Hex miscast
  8646 | D:6      | XOM: polymorph orc warrior -> ogre
  9487 | D:7      | Noticed Menkaure
  9497 | D:7      | XOM: harmless Pois miscast
  9746 | D:6      | XOM: give mutations
  9746 | D:6      | Lost mutation: You have a pair of small antennae on your head. [Xom's mischief]
  9746 | D:6      | Lost mutation: You have sharp fingernails. [Xom's mischief]
  9746 | D:6      | Gained mutation: You are dopey. (Int -2) [Xom's mischief]
  9751 | D:6      | XOM: noise
  9770 | D:6      | XOM: give mutations
  9770 | D:6      | Gained mutation: Scrolls take you a little longer to read. [Xom's mischief]
  9770 | D:6      | Gained mutation: You are clumsy. (Dex -2) [Xom's mischief]
  9770 | D:6      | Gained mutation: You are frail. (-10% HP) [Xom's mischief]
  9791 | D:6      | HP: 3/105 [hornet (8)]
  9791 | D:6      | Slain by a hornet

Skill      XL: |  1  2  3  4  5  6  7  8  9 |
---------------+----------------------------+-----
Unarmed Combat | 4 5 6 7 8 9 |  9.4
Shields        | 1 2 3 4 |  4.4
Fighting       | 4 5 6 |  6.8
Evocations     | 2 3 |  3.1
Armour         | |  1.3
Dodging        | |  0.6

Action                   |  1- 3 |  4- 6 |  7- 9 || total
-------------------------+-------+-------+-------++-------
Melee: Unarmed           |   136 |   288 |   377 ||   801
       Kick              |    17 |    48 |    83 ||   148
       Punch             |     2 |       |       ||     2
Evoke: Wand              |       |       |     1 ||     1
  Use: Scroll            |       |    12 |    11 ||    23
       Potion            |       |     1 |     3 ||     4
 Stab: Paralysed         |       |       |     4 ||     4
       Confused          |       |       |     1 ||     1
  Eat: Chunk             |     1 |     9 |    11 ||    21
       Fruit             |       |       |     3 ||     3
Armor: Leather armour    |    67 |     5 |       ||    72
       Chain mail        |       |   168 |   121 ||   289
Dodge: Dodged            |    81 |    23 |    34 ||   138
Block: Buckler           |     8 |       |       ||     8
       Shield            |       |   122 |   117 ||   239
